 Dungeon Crawl Stone Soup version 0.20.0-1-g1cb1d84 (webtiles) character file.

1519 Gorglomux the Slinger (level 9, -6/55 HPs)
             Began as a Halfling Hunter on May 26, 2017.
             Was a Believer of Dithmenos.
             Mangled by an ice beast (9 damage)
             ... on level 5 of the Dungeon.
             The game lasted 00:07:13 (5859 turns).

Gorglomux the Slinger (Halfling Hunter)             Turns: 5859, Time: 00:07:13

Health: -6/55      AC:  4    Str: 13    XL:     9   Next: 9%
Magic:  9/9        EV: 18    Int:  9    God:    Dithmenos [**....]
Gold:   424        SH:  2    Dex: 23    Spells: 8/8 levels left

rFire    . . .     SeeInvis .   a - +1 hunting sling
rCold    . . .     Gourm    .   (shield restricted)
rNeg     . . .     Faith    .   c - +0 leather armour
rPois    .         Spirit   .   L - +1 hat
rElec    .         Reflect  +   (no cloak)
rCorr    .         Harm     .   (no gloves)
MR       .....                  (no boots)
Stlth    +++.......             k - +2 amulet of reflection
Regen    0.2/turn               j - +2 ring of evasion
MPRegen  0.2/turn               B - +5 ring of dexterity

@: wreathed by umbra
A: mutation resistance 1
a: Shadow Step, Renounce Religion


You were on level 5 of the Dungeon.
You worshipped Dithmenos.
Dithmenos was pleased with you.
You were not hungry.

You visited 1 branch of the dungeon, and saw 6 of its levels.
You also visited: Ossuary.

You collected 606 gold pieces.
You spent 182 gold pieces at shops.

Inventory:

Hand Weapons
 a - a +1 hunting sling (weapon)
 b - a +0 short sword
Missiles
 d - 133 sling bullets (quivered)
 g - 182 stones
Armour
 c - a +0 leather armour (worn)
 L - a +1 hat (worn)
Jewellery
 j - a +2 ring of evasion (left hand)
 k - a +2 amulet of reflection (around neck)
 B - a +5 ring of dexterity (right hand)
 U - an uncursed ring of positive energy
Scrolls
 m - a scroll of enchant weapon
 p - 6 scrolls of remove curse
 D - a scroll of enchant armour
 N - a scroll of amnesia
 R - 2 scrolls of torment {unknown}
 S - a scroll of immolation {unknown}
 T - 9 scrolls of teleportation
 V - 3 scrolls of noise {unknown}
 X - 3 scrolls of fear {unknown}
Potions
 o - 2 potions of brilliance
 q - 2 potions of resistance
 r - 3 potions of flight
 G - a potion of lignification
 H - 5 potions of agility
 P - a potion of mutation {!q}
 Q - 7 potions of curing
 W - 3 potions of might
 Y - 2 potions of heal wounds
 Z - a potion of berserk rage
Books
 M - a book of Battle

   Spells                             Type                      Level
   a - Infusion                       Charms                       1
   b - Shroud of Golubria             Charms/Translocation         2
   c - Song of Slaying                Charms                       2
   d - Spectral Weapon                Hexes/Charms                 3
   e - Regeneration                   Charms/Necromancy            3
Comestibles
 f - 5 bread rations
 z - 3 meat rations
 A - a royal jelly


   Skills:
 + Level 2.5 Fighting
 + Level 14.4 Slings
 + Level 1.8 Armour
 + Level 3.1 Dodging
 + Level 2.5 Stealth


You had 8 spell levels left.
You didn't know any spells.

Dungeon Overview and Level Annotations

Branches:
Dungeon (6/15)             Temple (0/1) D:4

Altars:
Dithmenos
Gozag
Kikubaaqudgha
Okawaru
Ru
Trog
Uskayaw
The Shining One

Shops:
D:4 *

Annotations:
D:6 no0bjke's ghost, novice GrFi


Innate Abilities, Weirdness & Mutations

You are small and have problems with some larger weapons.
You are somewhat resistant to further mutation.


Message History

The sling bullet closely misses the ice beast.
Firing (i - inventory. (,) - cycle):
d - 135 sling bullets (quivered)
Press: ? - help, Shift-Dir - straight line, f/p - ice beast
Aim: an ice beast (lightly wounded, umbra)
You shoot a sling bullet. The sling bullet hits the ice beast.
The ice beast is lightly wounded.
The ice beast hits you.
* * * LOW HITPOINT WARNING * * *
The ice beast freezes you!
* * * LOW HITPOINT WARNING * * *
Firing (i - inventory. (,) - cycle):
d - 134 sling bullets (quivered)
Press: ? - help, Shift-Dir - straight line, f/p - ice beast
Aim: an ice beast (lightly wounded, umbra)
You shoot a sling bullet.
The sling bullet barely misses the ice beast.
The ice beast completely misses you. The ice beast hits you.
* * * LOW HITPOINT WARNING * * *
The ice beast freezes you!
You die...

##############
#######.# #...(..(#
#.####### #.# #.# #.#
#.##### #Y#...#
#@#.#.# #.#.#.#
######## #.#.#.#
.......### #####.#.#.#
##.......# #...#...#.#
##.(.....# #.#...###.#
##.......###.#.#####.#
####.....#...........#
# #####.#.#.#.#.#####


You could see an ice beast.

Vanquished Creatures
  A sky beast (D:6)
  A phantom (D:5)
  An ogre (D:4)
  A centaur (D:6)
  2 bullfrogs (D:6)
  A wyvern skeleton (D:6)
  A howler monkey (D:6)
  4 wights (D:6)
  A crimson imp (D:6)
  A bullfrog zombie (D:5)
  2 hounds (D:6)
  A jelly (D:5)
  A centaur skeleton (D:4)
  An orc priest (D:3)
  An iguana (D:4)
  An orc wizard (D:3)
  5 worker ants
  8 mummies (Ossuary)
  3 hound skeletons (D:4)
  A worker ant zombie (D:3)
  3 gnolls (D:2)
  6 adders
  2 shadow imps
  An adder zombie (D:5)
  A worm (D:2)
  2 dart slugs
  5 leopard geckos
  9 orcs
  12 giant cockroaches
  9 goblins
  12 hobgoblins
  11 jackals
  15 kobolds
  3 quokkas
  2 ball pythons
  6 bats
  5 frilled lizards
  3 gnoll zombies (Ossuary)
  3 hobgoblin zombies (Ossuary)
  A kobold zombie (Ossuary)
  An orc zombie (Ossuary)
  6 rats
156 creatures vanquished.

Notes
Turn   | Place    | Note
-------+----------+-------------------------------------------
     0 | D:1      | Gorglomux the Halfling Hunter began the quest for the Orb.
     0 | D:1      | Reached XP level 1. HP: 14/14 MP: 1/1
    20 | D:1      | Reached skill level 6 in Slings
   137 | D:1      | Reached XP level 2. HP: 19/19 MP: 2/2
   442 | D:1      | Reached skill level 7 in Slings
   442 | D:1      | Reached XP level 3. HP: 24/24 MP: 3/3
   638 | D:2      | Found a sacrificial altar of Ru.
   762 | D:2      | Reached XP level 4. HP: 29/29 MP: 4/4
   775 | D:2      | Reached skill level 8 in Slings
  1338 | D:2      | Reached XP level 5. HP: 30/34 MP: 5/5
  1358 | D:2      | Found a shadowy altar of Dithmenos.
  1360 | D:2      | Found a bloodstained altar of Trog.
  1724 | D:2      | Found a faded altar of an unknown god.
  1765 | D:3      | Reached skill level 9 in Slings
  1977 | D:3      | Reached XP level 6. HP: 19/39 MP: 6/6
  2150 | D:3      | Reached skill level 10 in Slings
  2442 | D:3      | Found an opulent altar of Gozag.
  2665 | D:2      | Found an ancient bone altar of Kikubaaqudgha.
  2665 | D:2      | Found a glowing golden altar of the Shining One.
  2676 | D:2      | Became a worshipper of Dithmenos the Shadowed
  2756 | D:4      | Noticed an ogre
  2768 | D:4      | Killed an ogre
  2934 | D:4      | Reached skill level 11 in Slings
  2934 | D:4      | Reached XP level 7. HP: 44/44 MP: 7/7
  3144 | D:4      | Found a staircase to the Ecumenical Temple.
  3286 | D:4      | Found a sand-covered staircase.
  3424 | Ossuary  | Entered an ossuary
  3571 | Ossuary  | Reached * piety under Dithmenos
  3647 | Ossuary  | Reached skill level 12 in Slings
  4029 | D:4      | Found Kiaph's General Store.
  4037 | D:4      | Bought a scroll of teleportation for 42 gold pieces
  4037 | D:4      | Bought a scroll of teleportation for 42 gold pieces
  4037 | D:4      | Bought 2 potions of curing for 84 gold pieces
  4037 | D:4      | Bought a potion of degeneration for 14 gold pieces
  4184 | D:5      | Entered Level 5 of the Dungeon
  4469 | D:5      | Reached XP level 8. HP: 49/49 MP: 8/8
  4747 | D:5      | Reached skill level 13 in Slings
  4953 | D:6      | Reached skill level 14 in Slings
  5471 | D:6      | Reached ** piety under Dithmenos
  5482 | D:6      | Reached skill level 1 in Armour
  5498 | D:6      | Reached XP level 9. HP: 33/55 MP: 9/9
  5601 | D:6      | Found a hide-covered altar of Uskayaw.
  5608 | D:6      | Reached skill level 3 in Dodging
  5622 | D:6      | Found an iron altar of Okawaru.
  5703 | D:6      | Noticed no0bjke's ghost (novice GrFi)
  5859 | D:5      | Mangled by an ice beast

Skill      XL: |  1  2  3  4  5  6  7  8  9 |
---------------+----------------------------+-----
Slings         | 6 7 8 9 11 12 14 | 14.4
Fighting       | 2 |  2.5
Armour         | 1 |  1.8
Stealth        | 2 |  2.5
Dodging        | 3 |  3.1

Action                   |  1- 3 |  4- 6 |  7- 9 || total
-------------------------+-------+-------+-------++-------
Melee: Hunting sling     |       |     1 |       ||     1
       Short sword       |       |       |    11 ||    11
 Fire: Hunting sling     |    89 |   239 |   386 ||   714
  Use: Scroll            |     1 |     8 |     7 ||    16
 Stab: Sleeping          |       |       |     1 ||     1
  Eat: Chunk             |       |     5 |     4 ||     9
       Meat ration       |       |       |     1 ||     1
Armor: Leather armour    |     4 |     8 |    12 ||    24
Dodge: Dodged            |    19 |    46 |    79 ||   144
Block: Other             |     3 |     7 |     8 ||    18
